 Dungeon Crawl Stone Soup version 0.29-a0-88-g03a7b78be7 (webtiles) character file.

Game seed: 1187146423046143359

19 enile the Sneak (level 2, 0/11 HPs)
             Began as a Felid Air Elementalist on Feb 6, 2022.
             Slain by an adder (2 damage)
             ... on level 1 of the Dungeon.
             The game lasted 00:00:40 (951 turns).

enile the Sneak (Felid Air Elementalist)             Turns: 951, Time: 00:00:41

Health: 0/11       AC:  1    Str:  4    XL:     2   Next: 55%
Magic:  2/6        EV: 17    Int: 16    God:
Gold:   8          SH:  0    Dex: 16    Spells: 4/5 levels left
                                        Lives:  0   Deaths: 0

rFire   . . .      SeeInvis +   (weapon unavailable)
rCold   . . .      Faith    .   (shield unavailable)
rNeg    . . .      Spirit   .   (armour unavailable)
rPois   .          Reflect  .   (helmet unavailable)
rElec   .          Harm     .   (cloak unavailable)
rCorr   .          Rampage  .   (gloves unavailable)
Will    .....                   (boots unavailable)
Stlth   +++.......              (no amulet)
HPRegen 0.03/turn               (no ring)
MPRegen 0.10/turn               (no ring)

@: quick
A: very small, claws 1, fangs 3, see invisible, speed 1, shaggy fur 1, stealthy
paws, no weapons or thrown items, no armour, multi-lived
a: no special abilities


You were on level 1 of the Dungeon.
You visited 1 branch of the dungeon, and saw 2 of its levels.

You collected 8 gold pieces.

Inventory:

Jewellery
 b - an amulet of magic regeneration
Scrolls
 a - a scroll of teleportation {unknown}
 c - a scroll of immolation {unknown}
Potions
 d - a potion of cancellation {unknown}


   Skills:
 - Level 2.6 Dodging
 + Level 4.6 Stealth
 - Level 2.0 Spellcasting
 - Level 0.8 Conjurations
 - Level 2.6 Air Magic


You had 4 spell levels left.
You knew the following spells:

 Your Spells              Type           Power      Damage    Failure   Level
a - Shock                 Conj/Air       28%        1d4       10%         1

Your spell library contained the following spells:

 Spells                   Type           Power      Damage    Failure   Level
 Static Discharge         Conj/Air       7%         N/A       16%         2
 Swiftness                Air            10%        N/A       21%         3
 Airstrike                Air            5%         N/A       56%         4


Dungeon Overview and Level Annotations

Branches:
Dungeon (2/15)

Altars:

Annotations:
D:2 Natasha


Innate Abilities, Weirdness & Mutations

You have sharp claws.
You have razor-sharp teeth.
You have supernaturally acute eyesight. (SInv)
You cover ground quickly. (Speed+)
You are covered in fur. (AC +1)
Your paws help you pounce on unaware monsters.
You are incapable of wielding weapons or throwing items.
You cannot wear armour.
You gain extra lives every three experience levels.


Message History

You climb downwards.
Level annotation: Natasha The jackal closely misses you.
The adder completely misses you.
The jackal bites you. x2; The adder misses you.
There is a stone staircase leading up here.
The jackal barely misses you. The adder bites you.
You climb upwards.
There is a stone staircase leading down here.
The adder barely misses you. The jackal closely misses you.
Casting: Shock (safe; 10% risk of failure)
Confirm with . or Enter, or press ? or * to list all spells.
Aiming: Shock (safe; 10% risk of failure)
Press: ? - help, Shift-Dir - straight line, f - jackal
Aim: a jackal (60% to hit)
The zap hits the jackal.
The jackal is severely wounded.
The jackal bites you.
* * * LOW HITPOINT WARNING * * *
Casting: Shock (safe; 10% risk of failure)
Confirm with . or Enter, or press ? or * to list all spells.
Aiming: Shock (safe; 10% risk of failure)
Press: ? - help, Shift-Dir - straight line, f/p - jackal
Aim: a jackal (severely wounded, 60% to hit)
The zap hits the jackal.
You kill the jackal!
Casting: Shock (safe; 10% risk of failure)
Confirm with . or Enter, or press ? or * to list all spells.
Aiming: Shock (safe; 10% risk of failure)
Press: ? - help, Shift-Dir - straight line, f - adder
Aim: an adder (48% to hit)
The zap misses the adder.
The adder closely misses you. The adder barely misses you.
Casting: Shock (safe; 10% risk of failure)
Confirm with . or Enter, or press ? or * to list all spells.
Aiming: Shock (safe; 10% risk of failure)
Press: ? - help, Shift-Dir - straight line, f/p - adder
Aim: an adder (48% to hit)
The zap misses the adder.
The adder bites you.
You die...

#.##.###..##.......
#.###....)....#.###
#.####.##.##....#
#...............#
#.>............###
##.###.##........#
#h###.#########.#
#S##.......^###.#
#@##..#####.#...##
#.##.##...#.##....
#.##.###(.#.##..##
#.........#.#...##
####.######.#.#...
#.# #.....#. #.#
##.#.##.
#.#######.#....
#..............


You could see an adder and a jackal.

Vanquished Creatures
  3 ball pythons (D:1)
  2 endoplasms (D:1)
  3 goblins (D:1)
  A hobgoblin (D:1)
  2 jackals (D:1)
  2 quokkas (D:1)
  A bat (D:1)
  2 kobolds (D:1)
  A rat (D:1)
17 creatures vanquished.

Notes
Turn   | Place    | Note
-------+----------+-------------------------------------------
     0 | D:1      | enile the Felid Air Elementalist began the quest for the
                  | Orb.
     0 | D:1      | Reached XP level 1. HP: 7/7 MP: 4/4
    52 | D:1      | Reached skill level 3 in Stealth
   247 | D:1      | Reached skill level 4 in Stealth
   247 | D:1      | Reached XP level 2. HP: 11/11 MP: 4/6
   840 | D:2      | Noticed Natasha
   951 | D:1      | Slain by an adder

Illustrated notes

Levels and vault maps discovered:
D:1:      denvon_arrival_waterhouse, layout_loops_ring, grunt_decor_junction,
          corner_web_ring
D:2:      layout_loops_ring, basic_ecumenical_altar, hangedman_decor_riveting,
          uniq_natasha

Skill      XL: |  1 |
---------------+----+-----
Stealth        | 4 |  4.6
Dodging        | |  2.6
Spellcasting   | |  2.0
Conjurations   | |  0.8
Air Magic      | |  2.6

Action                   || total
-------------------------++-------
Melee: Unarmed           ||     7
       Punch             ||     1
 Cast: Shock             ||    31
Armor: Skin              ||     1
Dodge: Dodged            ||    20

Table legend: (Time is in decaauts)
 A = Elapsed time spent in this place.
 B = Non-inter-level travel time spent in this place.
 C = Inter-level travel time spent in this place.
 D = Time resting spent in this place.
 E = Time spent auto-exploring this place.
 F = Levels seen in this place.
 G = Mean time per level.
                   A        B        C        D        E       F      G
               +--------+--------+--------+--------+--------+-----+--------+
         Total |    840 |    816 |     24 |     91 |    642 |   2 |  420.0 |
       Dungeon |    840 |    816 |     24 |     91 |    642 |   2 |  420.0 |
               +--------+--------+--------+--------+--------+-----+--------+

Top non-repeatable levels by time:
     D:1: 836 daAuts
     D:2: 4 daAuts
